[Event "EU-ch 12th"]
[Site "Aix les Bains"]
[Date "2011.03.28"]
[Round "7"]
[White "Reinderman, Dimitri"]
[Black "Jobava, Baadur"]
[Result "0-1"]
[ECO "A36"]
[WhiteElo "2601"]
[BlackElo "2707"]
[Annotator "Marchand,A/Primel,D"]
[PlyCount "132"]
[EventDate "2011.03.22"]
[EventType "swiss"]
[EventRounds "11"]
[EventCountry "FRA"]
[SourceTitle "CBM 142 Extra"]
[Source "ChessBase"]
[SourceDate "2011.06.27"]
[SourceVersion "1"]
[SourceVersionDate "2011.06.27"]
[SourceQuality "1"]
[TimeControl "40/5400+30:1800+30"]

1. c4 Nf6 2. g3 g6 3. Bg2 Bg7 4. Nc3 O-O 5. e4 c5 6. Nge2 Nc6 7.
d3 d6 8. O-O (8. Rb1) 8... a6 9. h3 Rb8 10. a4 Ne8 11. Be3 Bd7 (11... Nc7 12.
d4 cxd4 13. Nxd4 Ne6 14. Nde2) 12. d4 b6 (12... cxd4 {La grande ligne} 13. Nxd4
Nc7 14. Kh2 Ne6 15. Nde2 Na5 16. b3 b5 17. cxb5 axb5 18. b4 Nc4 19. Ba7 bxa4
20. Bxb8 Qxb8 21. Nd5 Re8 22. Ra2 Nd8 23. Qc2 e6 24. Ndf4 Nb6 25. Rc1 Nc6 26.
Nd3 Na7 27. Qd2 Bb5 28. Nc3 Bc4 29. Nxa4 Bxa2 30. Qxa2 Nd7 31. Nab2 h5 32. h4
Nb5 {Alekseev,E (2632)-Mamedyarov,S (2674)/Istanbul 2005/CBM 109 ext/0-1 (46)})
13. b3 {85} (13. d5 Nb4 14. Qd2) 13... Nc7 {87} 14. Ra2 $5 $146 {[%cal Gd4e5,
Ga2d2,Gd2d7,Gf2f4,Ga2f2] 81} (14. Qd2 Qc8 15. Kh2 {Bauduin,E (2249)-Chabanon,J
(2459) FRA-chT1 1011 2010 (2.3) 0-1}) 14... e5 {86} 15. dxe5 dxe5 16. f4 {73} (
16. Rd2 Nd4 $11 ) 16... Nd4 {[%csl Gd4] 83} 17. fxe5 {63} (17. Nd5
Nxd5 18. cxd5) 17... Bxe5 {82 Les Noirs continuent de suivre la préparation
maison} 18. Bh6 (18. Rd2) 18... Re8 19. Nf4 b5 20.
axb5 {44} axb5 {73} 21. Nd3 $1 {Les Blancs ont réussi а détruire le fort
centre Noir et la position est équilibrée mais en contrepartie, le P"e4" s'est
affaibli} (21. Kh2 bxc4 22. bxc4 Be6 23. Nxe6 Ncxe6
$132) 21... Bxg3 {63} 22. Nxc5 Be5 23.
Raf2 (23. Be3 Bc6 24. Nd5 Nce6 25. Ra7 (25. Nxe6 Nxe6 26. Qf3 ) 25... bxc4 (25... Nxc5 26. Bxd4) 26. bxc4 Nxc5 27. Bxd4 Rb1 $3 28.
Qxb1 Bxd4+) 23... Bxh3 $132 24. Bxh3 (24. Nd3 Bg3 25.
Bxh3 Qh4 26. Kg2 bxc4 27. bxc4 Bxf2 28. Nxf2 Qxh6 29. Qxd4 Ne6 $15 ) 24... Qh4 25. Nd7 Qxh6 26. Qd3 bxc4 27. bxc4 Rbd8 28. Nxe5 (28. Nd5) 28...
Rxe5 29. Nd5 {17} Nxd5 {30} 30. cxd5 Nc6 31. Qf3 Rg5+ 32. Rg2 Rxg2+ 33. Kxg2
Qg5+ 34. Qg3 Qxg3+ 35. Kxg3 Ne5 36. Kf4 f6 37. Ke3 (37. Ra1 $5 Kg7 38. Ra7+ Kh6
39. Be6) 37... Kg7 38. Kd4 (38. Be6 h5) 38... h5 $17 39. Kc5 g5
40. Bf5 g4 41. Kb6 g3 42. Kc7 Ra8 43. d6 h4 44. Rh1 Nf3 45. Bh3 Ng5 46. Bf5 g2
47. Rg1 h3 $1 48. Bxh3 Nxh3 49. Rxg2+ Kf7 50. d7 Nf4 51. Rh2 Ne6+ 52. Kb7 Ra4
53. Rh7+ Kf8 54. Kc6 Rd4 55. Rh8+ Kg7 56. Rh4 Nd8+ 57. Kc7 Nf7 58. Rf4 Rc4+ 59.
Kb6 Nd8 60. Rf5 Rxe4 {Bizarrement, le plateau DGT n'a enregistré la partie que
jusqu'au 60ème coup alors qu'elle a duré 06 coups de plus} 61. Kc7 Ne6+ 62. Kd6
Kf7 63. Rd5 Ra4 64. Rd1 Ra6+ 65. Kd5 Ke7 66. Ke4 Nc5+ 0-1

[Event "Metz op 31th"]
[Site "Metz"]
[Date "2013.07.24"]
[Round "7"]
[White "Lagarde, Maxime"]
[Black "Aguettaz, Maxime"]
[Result "1-0"]
[ECO "A36"]
[WhiteElo "2532"]
[BlackElo "2412"]
[Annotator "Metz Alekhine/Primel,D"]
[PlyCount "34"]
[EventDate "2013.04.20"]
[EventType "swiss"]
[EventRounds "9"]
[EventCountry "FRA"]
[SourceTitle "EXT 2016"]
[Source "ChessBase"]
[SourceDate "2015.10.08"]
[SourceVersion "1"]
[SourceVersionDate "2015.10.08"]
[SourceQuality "1"]
[TimeControl "40/5400:1800+30"]
[WhiteClock "1:30:00"]
[BlackClock "1:30:00"]

1. c4 g6 2. Nc3 Bg7 3. g3 (3. d4 Nf6 4. g3 {Aurait transposé dans une
Est-Indienne}) 3... c5 4. Bg2 Nc6 5. b3 {Une ligne secondaire dans cette
anglaise} (5. e3 e6 6. Nge2 Nge7 ) 5... Nf6 (5... Bxc3 $5 {
Il y a eu très peu de parties avec cet échange intéressant} 6. dxc3 Qa5 (
6... Nf6 7. Nf3 d5) (6... e6 7. Nh3 h5 8. Nf4 h4) 7. Bd2 Nf6 8. Nh3 $1 $14 {
[%csl Gd5][%cal Gh3f4,Gf4d5] ;Marangunic,S (2495)-Barle,J (2420) Bled/Portoroz
1979 0-1}) 6. Bb2 O-O 7. d3 d6 8. e3 e5 9. Nge2 Be6 10. Nd5 $146 (10. O-O {
Domnick,A (2245)-Dehne Niemann,J Klinge-ch U20 1997 0-1}) 10... Bxd5 11. cxd5
Ne7 12. e4 Nd7 13. g4 $1 (13. Nc3 f5 14. Nb5 Qa5+)
13... f5 (13... Kh8 14. h4 ) (13... b5 $5 {Plus
souple que la poussée f5 qui serait plus forte après le oo des Blancs} 14.
Qd2 Rc8 15. h4 c4 16. dxc4 bxc4 17. h5 (17. Ng3 ))
14. gxf5 gxf5 15. Bh3 $1 fxe4 16. dxe4 Ng6 17. Nc3 Nf6 {Suite
illsible et gain Blanc au 39ème coup} 1-0

[Event "Metz op 31th"]
[Site "Metz"]
[Date "2013.04.23"]
[Round "6"]
[White "Bauer, Christian"]
[Black "Lagarde, Maxime"]
[Result "1-0"]
[ECO "A36"]
[WhiteElo "2637"]
[BlackElo "2532"]
[Annotator "Metz Alekhine/Primel,D"]
[PlyCount "79"]
[EventDate "2013.04.20"]
[EventType "swiss"]
[EventRounds "9"]
[EventCountry "FRA"]
[SourceTitle "EXT 2016"]
[Source "ChessBase"]
[SourceDate "2015.10.08"]
[SourceVersion "1"]
[SourceVersionDate "2015.10.08"]
[SourceQuality "1"]
[TimeControl "40/5400:1800+30"]
[WhiteClock "1:30:00"]
[BlackClock "1:30:00"]

1. c4 c5 2. Nc3 Nc6 3. g3 g6 4. Bg2 Bg7 5. b3 d6 (5... Bxc3 $5 6. dxc3 Qa5 7.
Bd2 Nf6 8. Nh3 d6 9. Nf4 h5 $13 {Marangunic,S (2495)-Barle,J (2420) Bled/
Portoroz 1979 0-1}) 6. Bb2 e6 (6... e5 {La grande ligne}) 7. Bxc6+ {Un choix
un peu curieux car les Blancs ne peuvent pas jouer Qa4 attaquant la faiblesse
"c6"} (7. e3 Nge7 {Meijers,V (2474)-Dobierzin,O (2060) Bad Harzburg op 13th
2012 (3) 1-0}) 7... bxc6 8. d3 Ne7 9. Qd2 e5 10. O-O-O $5 O-O 11. Kb1 (11. h4)
11... Be6 12. e4 Nc8 $6 {[%csl Rc8] Accentue le retard de développement des
Noirs car le plan Nb6 pour soutenir la poussée a5a4 est très lent.} 13. f4 f6
14. h3 Nb6 15. Nf3 $32 a5 16. a4 $1 Rb8 17. Kc2 $146 (17. Ka2 Na8 18. Ne2 Qb6
19. Nc1 Nc7 20. Bc3 Ra8 21. fxe5 fxe5 22. Rdf1 Bf7 23. Rf2 Ne6 24. Rhf1 Nd4 25.
Ng5 Bh6 26. Rf6 Rab8 27. Bxd4 cxd4 28. h4 Qc7 29. Qf2 Bxg5 30. hxg5 d5 31. Qh2
Be6 32. Rxf8+ Rxf8 33. Rxf8+ Kxf8 34. Qf2+ Qf7 35. Qe1 Qc7 36. Kb2 Ke8 37. Ne2
Kd7 38. Qh1 Kd6 39. Nc1 Qf7 40. Qe1 Qc7 41. Kc2 Bg4 42. Qf1 Qe7 43. Qe1 Qc7 44.
Qh1 Qf7 45. Qe1 Qc7 46. Qh1 Be6 {Larsen,B (2620)-Olafsson,F (2570) Ribe 1973 1/
2-1/2}) 17... Rf7 18. Rb1 Rfb7 19. Ba1 (19. Ne2 Na8 20. Bc3 {Aurait gagné un
tempo par rapport à la partie}) 19... Na8 $1 20.
Ne2 Nc7 21. Bc3 Qd7 22. g4 Na6 23. f5 Bf7 24. Bxa5 Nb4+ (24... d5 $5 ) 25. Bxb4 Rxb4 26. Qe3 d5 $132 27. Nd2 d4 {la
fermeture du centre doit avantager les N et il semblait plus logique de
laisser la tension au centre.} 28. Qf2 Qd8 29. fxg6 hxg6 30. h4 Bh6 $2 31. g5
$1 fxg5 32. Nf3 Qe7 33. hxg5 Bg7 34. Qh2 $36 Kf8 35. Qh7 Bxc4
$2 $138 36. dxc4 d3+ 37. Kxd3 Rxb3+ 38. Rxb3 Rxb3+ 39. Nc3 Qf7 40. Rf1 1-0

[Event "Belgrade RAD 30"]
[Site "Belgrade"]
[Date "1977.01.22"]
[Round "6.3"]
[White "Andersson, Ulf"]
[Black "Sax, Gyula"]
[Result "1-0"]
[ECO "A36"]
[WhiteElo "2565"]
[BlackElo "2565"]
[Annotator "Primel,D"]
[PlyCount "77"]
[EventDate "1977.01.15"]
[EventType "tourn"]
[EventRounds "13"]
[EventCountry "SRB"]
[EventCategory "9"]
[SourceTitle "EXT 2018"]
[Source "ChessBase"]
[SourceDate "2017.10.13"]
[SourceVersion "1"]
[SourceVersionDate "2017.10.13"]
[SourceQuality "1"]
[TimeControl "40/9000:16/5400:0"]

1. c4 g6 2. g3 Bg7 3. Bg2 c5 4. Nc3 Nc6 5. e3 e5 {[%csl Gd4][%cal Gg8e7] Les
Noirs ont des bons résultats avec ce système} (5... e6) 6. Nge2 Nge7 7. O-O
O-O 8. a3 d6 9. Rb1 a5 10. b3 (10. d3 Rb8 {Danov,V-Botvinnik,M URS Spartakiad
semifinal 1 1963 [2] 0-1}) 10... Rb8 (10... Be6 11. Nd5) 11. Bb2 Be6 12. Nd5
$146 (12. Rc1 f5 {Kimelfeld,R-Furman,S URS-ch35 Kharkov 1967 0-1}) 12... b5 13.
Nec3 Na7 14. d3 Nxd5 $6 {Permet aux Blancs de resoudre le problème de la
pièce superflue} (14... Nf5 $5) 15. Nxd5 $14 Qd7 16. Re1 Nc6 17. Ba1 Bf5 18.
Qd2 Ne7 19. Nxe7+ Qxe7 20. Bc3 Qa7 (20... b4 21. axb4 axb4 22. Bb2 Rbc8 23. Ra1
) 21. Bxa5 Bxd3 22. Qxd3 Qxa5 23. cxb5 Qxa3 24. Bd5 Kh8 25. Bc4 $16 Rbd8 26. Red1 f5 27. Ra1 $36 Qb2 28. Qd2 (28. Rdb1
e4) 28... e4 29. Qxb2 Bxb2 30. Ra6 Be5 31. Bd5 Rb8 32. b6 Kg7 33. Rd2 Kf6 34.
Rda2 $40 Rfd8 35. b7 Ke7 36. Ra8 Kd7 37. h4 Kc7 38. R2a7 h6 39. Be6 1-0

[Event "Belgrade RAD 30"]
[Site "Belgrade"]
[Date "1977.01.25"]
[Round "8.2"]
[White "Andersson, Ulf"]
[Black "Velimirovic, Dragoljub"]
[Result "1-0"]
[ECO "A36"]
[WhiteElo "2565"]
[BlackElo "2525"]
[Annotator "Primel,D"]
[PlyCount "133"]
[EventDate "1977.01.15"]
[EventType "tourn"]
[EventRounds "13"]
[EventCountry "SRB"]
[EventCategory "9"]
[SourceTitle "EXT 2018"]
[Source "ChessBase"]
[SourceDate "2017.10.13"]
[SourceVersion "1"]
[SourceVersionDate "2017.10.13"]
[SourceQuality "1"]
[TimeControl "40/9000:16/5400:0"]

1. c4 c5 2. g3 g6 3. Bg2 Bg7 4. Nc3 Nc6 5. e3 Nf6 6. Nge2 O-O 7. O-O d6 8. d3
Bd7 9. h3 a6 10. b3 (10. a3 Rb8 11. Rb1 {1/2-1/2 (11) Paehtz,T (2480)-Knaak,R 
(2515) Halle 1974}) 10... b5 $146 (10... Rb8 11. Bb2 b5 12. Qd2 Qa5 13. f4 bxc4
14. dxc4 Rfd8 15. Rad1 Qb6 16. g4 a5 17. g5 Ne8 18. Nd5 Qa6 19. Bxg7 Kxg7 20.
Ng3 Be6 21. Qc3+ Kg8 22. f5 Bxd5 23. Bxd5 Ne5 24. fxg6 hxg6 25. Rxf7 Nxf7 26.
Rf1 e6 27. Bxe6 Rb7 28. Ne4 Qa7 29. Nf6+ Nxf6 30. Qxf6 Re8 31. Qxg6+ Kf8 32.
Qh6+ Ke7 33. Qf6+ Kf8 34. g6 Rxe6 35. Qh8+ {1-0 (35) Szabo,L-Spiridonov,N
Slncev Brjag 1974}) 11. Rb1 Ra7 12. Bb2 Ne8 13. Qd2 b4 14. Nd1 e5 15. d4 $1 Qb6
16. Ba1 (16. d5 $5 {[%csl Ra7,Rc6,Rd7] Gagnait un peu d'espace}) 16... cxd4 17.
exd4 Nxd4 18. Nxd4 exd4 19. Nb2 $1 a5 20. Nd3 $14 {[%csl Rb4,
Gd3][%cal Gd3b4] Une belle case de blocage et le N empêche indirectement la
poussée a4} Nc7 21. Nf4 (21. Rfe1) 21... Ne6 22. Rbd1 a4 23. Nxe6 Bxe6 24.
Bxd4 Bxd4 25. Qxd4 Ra6 26. Qxb6 Rxb6 27. Rd4 $16 {[%csl Rb4,Rd6] Le suédois
était trés fort dans ce genre de finale avec un petit avantage} axb3 28. axb3
Ra6 29. Rfd1 Ra3 (29... Rd8 30. Kf1) 30. R1d3 Re8 31. g4 h5 $1 32. Kh2 hxg4 33.
hxg4 Kf8 34. Kg3 Rd8 35. Bd5 $1 Ke7 36. Re3 Kd7 37. Red3 Ra5 38. Bxe6+ Kxe6 39.
Rd5 Rxd5 40. Rxd5 {Malgré les échanges, la finale est difficile pour les
Noirs qui vont tenter de tenir à l'ajournement.} Rb8 41. Kf4 {Ajournement} Ra8
42. Rb5 Ra2 43. Ke3 Rc2 44. Rxb4 g5 45. Rb5 f6 (45... Rc3+ 46. Ke4 f6 47. Rb6)
46. Rd5 Rb2 47. Rd3 $1 Ke5 48. f3 Rc2 49. Rd5+ Ke6
50. Kd3 Rf2 51. Rf5 $1 Rf1 52. Kc3 $18 {[%cal Gc3b4] Les
Noirs ne peuvent rien contre la majorité blanche de l'aile-dame qui est
soutenu par le K} Ke7 53. b4 Ke6 54. b5 Rc1+ 55. Kb4 Rb1+ 56. Ka5 Rc1 57. Ka6
Rxc4 58. b6 d5 59. b7 Rb4 60. f4 gxf4 61. Rxf4 Rb3 62. Ka7 Ra3+ 63. Kb6 Rb3+
64. Kc6 Ke5 65. Ra4 f5 66. g5 f4 67. g6 1-0

[Event "Sautron op 15th"]
[Site "Sautron"]
[Date "2015.10.24"]
[Round "9.7"]
[White "Ibrahim, Hatim"]
[Black "Loiseau, Quentin"]
[Result "1-0"]
[ECO "A36"]
[WhiteElo "2311"]
[BlackElo "2449"]
[Annotator "RR"]
[PlyCount "45"]
[EventDate "2015.10.24"]
[EventType "swiss"]
[EventRounds "9"]
[EventCountry "FRA"]
[SourceTitle "CBM 169 Extra"]
[Source "ChessBase"]
[SourceDate "2015.12.18"]
[SourceVersion "1"]
[SourceVersionDate "2015.12.18"]
[SourceQuality "1"]
[TimeControl "40/5400+30:1800+30"]
[WhiteClock "0:23:12"]
[BlackClock "0:02:06"]

1. c4 c5 2. Nc3 Nc6 3. g3 g6 4. Bg2 Bg7 5. a3 d6 6. Rb1 Bxc3 $6 {[%emt 0:00:22] Accélère le développement des
Blancs et les P doublés ne sont pas isolés} (6... Nh6 7. e3 Nf5 8. Nge2 Rb8
9. d3 O-O 10. O-O Qe8 11. b4 b6 12. b5 Na5 13. Bd2 e6 14. a4 Qd8 15. Nf4 Bb7
16. Bh3 Ne7 17. Qc2 Ba8 18. e4 Bb7 19. Nce2 a6 20. Bc3 axb5 21. Nxe6 fxe6 22.
Bxe6+ Rf7 23. axb5 Qf8 24. Nf4 Bc8 25. Bxf7+ Qxf7 26. Rfe1 g5 27. Nd5 Ng6 28.
Bxg7 Qxg7 29. f4 gxf4 30. gxf4 Nxf4+ 31. Kh1 Ng6 32. Rg1 Be6 33. Nf4 Bf7 34.
Rbf1 Qe5 35. h4 Kh8 36. Rg5 {Ivanchuk,V (2757)-Kokarev,D (2648) Loo 2013 1-0})
(6... a5 7. d3 e5) 7. bxc3 Qd7 {[%emt 0:01:34][%csl Rc8] Un
coup bizarre} (7... Qc7 8. d3 b6 9. Nf3 f5 10. O-O Nf6 11. Bh6 Ng4 12. Qd2 Bb7
13. h3 Nxh6 14. Qxh6 Kd7 $13 {Hickl,J (2500)-Fedorowicz,J (2520) Bundesliga
8889 1988 [3] 1/2}) 8. Qa4 e5 9. d3 Kd8 $5 $146 {[%emt 0:05:27][%cal Gd8c7] Un peu dans l'esprit de la
variante Leningrad de la Nimzo-Indienne, le K Noir va tenter de trouver refuge
à l'aile-dame} (9... f6 10. f4 Nge7 11. fxe5 Nxe5 12. Qxd7+ Nxd7 13. Nh3 Rb8
14. Nf2 f5 15. O-O b6 16. g4 Bb7 17. e4 Ne5 18. Bf4 Kd7 19. Bxe5 dxe5 20. exf5
Bxg2 21. Kxg2 gxf5 22. Rbe1 Kd6 23. d4 cxd4 24. cxd4 exd4 25. gxf5 Nxf5 26.
Ne4+ Ke5 27. Ng5+ Ne3+ 28. Kh1 Rhf8 29. Nf7+ Ke4 30. Rf2 Kd3 31. Ne5+ Kc3 32.
Rc1+ Kb3 33. Nf3 Ka4 34. Rb1 Rf4 35. Rb4+ Ka5 36. Rb5+ Ka6 37. Rh5 Rbf8 38. Rh3
Ng4 39. Rf1 {Fendrich,D (2300)-Sanden,S (2334) Sweden 2008 0-1}) 10. f4 Kc7 11. Nf3 Nge7 12. O-O exf4 13. Bxf4 $32 h6 14. d4 g5 15. Bd2 b6 16. Nxg5 $1 hxg5 17. Rxf7 $16 Bb7 18. Bxg5 Rhe8 19. dxc5 $1 dxc5 20. Rd1 $40 Qe6 21. Rf6 Qxe2 22. Bf4+ Kc8 23. Bh3+ 1-0